 Dungeon Crawl Stone Soup version 0.32-a0-616-g9348d4545b (webtiles) character file.

Game seed: 1683332438281162336

16920 cforsyth the Dealer of Despair (level 12, 0/110 HPs)
             Began as a Mountain Dwarf Necromancer on Mar 6, 2024.
             Was an Elder of Kikubaaqudgha.
             Slain by a tengu warrior
             ... wielding a +0 war axe
              (1 damage)
             ... on level 15 of the Dungeon.
             The game lasted 00:35:51 (18307 turns).

cforsyth the Dealer of Despair (MDNe)              Turns: 18307, Time: 00:35:51

Health: 0/110      AC: 19    Str: 16    XL:     12   Next: 14%
Magic:  14/14      EV: 11    Int: 19    God:    Kikubaaqudgha [****..]
Gold:   1011       SH:  0    Dex: 17    Spells: 9/14 levels left

rFire   . . .        v - +2 war axe
rCold   . . .        (no shield)
rNeg    . . .        s - +7 leather armour of Faenaw {Str+3 Dex+7}
rPois   .            L - +0 helmet {SInv}
rElec   .            i - +1 cloak
rCorr   .            t - +0 pair of gloves
SInv    +            K - +1 pair of boots {rampage}
Will    ++...        (no amulet)
Stlth   ++           w - ring of willpower
HPRegen 0.38/turn    (no ring)
MPRegen 0.14/turn

%: rampage
@: animating dead, invisible
A: runic magic, artefact enchanting
a: Renounce Religion, Unearth Wretches


You were on level 15 of the Dungeon.
You worshipped Kikubaaqudgha.
Kikubaaqudgha was greatly pleased with you.
You visited 2 branches of the dungeon, and saw 14 of its levels.
You also visited: Bailey.

You collected 1035 gold pieces.
You spent 24 gold pieces at shops.


Innate Abilities, Weirdness & Mutations

Your spellcasting is much less encumbered by armour.
You can use scrolls of enchantment on lesser artefacts.


   Skills:
 + Level 11.1 Fighting
 + Level 11.7 Axes
 + Level 10.8 Armour
 - Level 1.3 Dodging
 - Level 1.4 Stealth
 - Level 1.7 Spellcasting
 + Level 12.0 Necromancy


You had 9 spell levels left.
You knew the following spells:

 Your Spells              Type           Power      Damage    Failure   Level
a - Animate Dead          Necr           47%        N/A       1%          4
X - Necrotise             Necr           100%       1d9       1%          1

Your spell library contained the following spells:

 Spells                   Type           Power      Damage    Failure   Level
 Sublimation of Blood     Necr           47%        N/A       1%          2
 Fugue of the Fallen      Necr           47%        N/A       1%          3
 Vampiric Draining        Necr           47%        2d9       1%          3
 Dispel Undead            Necr           47%        3d18      1%          4
 Curse of Agony           Necr           47%        N/A       3%          5
 Cigotuvi's Dreadful Rot  Necr/Alch/Air  32%        N/A       5%          2
 Anguish                  Hex/Necr       12%        N/A       16%         4
 Martyr's Knell           Necr/Summ      24%        N/A       16%         4
 Shock                    Conj/Air       4%         1d3       19%         1
 Gell's Gravitas          Tloc           1%         N/A       47%         3
 Swiftness                Air            1%         N/A       47%         3
 Teleport Other           Tloc           1%         N/A       47%         3
 Tukima's Dance           Hex            1%         N/A       47%         3
 Airstrike                Air            0%         2d(1-17)  87%         4
 Cause Fear               Hex            0%         N/A       87%         4
 Leda's Liquefaction      Alch/Erth      0%         N/A       87%         4
 Passage of Golubria      Tloc           1%         N/A       87%         4
 Lee's Rapid Deconstruct  Erth           0%         3d4*      99%         5
 Silence                  Hex/Air        0%         N/A       99%         5
 Yara's Violent Unravell  Hex/Alch       0%         3d3       99%         5
 Bombard                  Conj/Erth      0%         9d1       100%        6
 Dispersal                Tloc           0%         N/A       100%        6
 Enfeeble                 Hex            0%         N/A       100%        7
 Lehudib's Crystal Spear  Conj/Erth      0%         10d2      100%        8

Inventory:

Hand Weapons
 v - a +2 war axe (weapon)
 N - a +0 war axe of freezing
Armour
 a - a +2 hat
 i - a +1 cloak (worn)
 s - the +7 leather armour of Faenaw (worn) {Str+3 Dex+7}
   (You found it on level 2 of the Dungeon)

   Str+3:     It affects your strength (+3).
   Dex+7:     It affects your dexterity (+7).
 t - a +0 pair of gloves (worn)
 x - a +0 pair of boots
 I - a +2 plate armour of willpower
 K - a +1 pair of boots of rampaging (worn)
 L - a +0 helmet of see invisible (worn)
Jewellery
 w - a ring of willpower (left hand)
Wands
 r - a wand of charming (8)
 B - a wand of polymorph (10)
 C - a wand of quicksilver (4)
 M - a wand of flame (8)
Scrolls
 d - 5 scrolls of amnesia {unknown}
 e - a scroll of revelation
 f - 2 scrolls of enchant armour
 j - 2 scrolls of silence {!r}
 k - a scroll of poison
 l - 3 scrolls of teleportation {unknown}
 m - 5 scrolls of enchant weapon
 u - a scroll of fear {unknown}
 y - 3 scrolls of vulnerability {unknown}
 D - a scroll of fog {unknown}
 E - 2 scrolls of torment
 G - 3 scrolls of noise
Potions
 b - a potion of magic
 c - a potion of curing {@q1}
 g - a potion of heal wounds {@q2}
 h - a potion of cancellation
 n - 3 potions of enlightenment
 o - a potion of might
 p - a potion of ambrosia
 q - a potion of brilliance
 z - 2 potions of invisibility
 A - 2 potions of attraction
 F - a potion of lignification
Miscellaneous
 J - a tin of tremorstones (2/2)

Dungeon Overview and Level Annotations

Branches:
Dungeon (12/15)            Temple (1/1) D:4            Lair (0/5) D:10
    Orc (0/2) D:10         Depths (0/4) D:15         Bailey (visited)

Altars:
Ashenzari
Cheibriados
Dithmenos
Elyvilon
Fedhas
Gozag
Hepliaklqana
Kikubaaqudgha
Makhleb
Nemelex Xobeh
Okawaru
Qazlal
Ru
Sif Muna
Trog
Uskayaw
Vehumet
Wu Jian
Xom
Yredelemnul
Zin
The Shining One
Beogh

Shops:
D:2 [   D:5 *   D:11 =

Annotations:
D:2 1 runed translucent door, Crazy Yiuf

************* *,,,,,,,,,,,*
**************
*,*******,,,**####*,,,,,,,,,,,,,
*,* **,,,,,*#<...,************
*,* *,,,,,,,....#** ******** *,*
**,,,,,*#.#.# *,,,,,,, *,*
***,,,**#.#.# **,*,,**, *,*
*,,,,,,*#Q#.# **,,,,,,,, *,*
*,*,,,**#@#.# **ß.≈.~,~,~ *,*
*,**,,* #c#.# *,c≈§~≈*~~~ *,*
*,***,*##...####.≈§#§≈~~~* *,*
***,**#.#####.#....§§≈≈.,,~~
**,***,,,,,..........##..≈.≈.,,,~
,,,,,,,,,,,....###.###..≈.≈..>,,~
,**********#...###.##....≈≈≈.,,,~
,* ***#...###.##.#..≈§≈.,,~~ ,*
*,,........##.#.≈§#≈≈~~~*


You could see a tengu warrior (unable to see you) and a centaur warrior (unable
to see you).


Message History

The tengu warrior barely misses you. The centaur warrior barely misses you.
The centaur warrior kicks you but does no damage.
Unknown command.
Unknown command.
Unknown command.
Unknown command.
You strike the helpless centaur warrior from behind!
You slash the centaur warrior!
The centaur warrior is severely wounded.
You miss the tengu warrior.
The centaur warrior hits you but does no damage.
The centaur warrior kicks you but does no damage.
The tengu warrior barely misses you.
The tengu warrior pecks you but does no damage.
The tengu warrior misses you.
Unknown command.
Unknown command.
Unknown command.
You catch the helpless centaur warrior completely off-guard!
You hit the centaur warrior.
The centaur warrior is almost dead.
You barely miss the tengu warrior.
The centaur warrior hits you with a +0 morningstar!
* * * LOW HITPOINT WARNING * * *
The centaur warrior barely misses you.
The tengu warrior hits you with a +0 war axe!
* * * LOW HITPOINT WARNING * * *
The tengu warrior pecks you.
You die...
Kikubaaqudgha rasps: You have failed me!
Welcome... death!

Skill      XL: |  1  2  3  4  5  6  7  8  9 10 11 12 |
---------------+-------------------------------------+-----
Fighting       | 1 2 3 4 5 6 8 9 10 11 | 11.1
Necromancy     | 5 6 7 8 9 10 11 12 | 12.0
Axes           | 1 2 3 4 6 8 9 11 | 11.7
Armour         | 1 2 3 4 6 7 9 10 | 10.8
Dodging        | |  1.3
Stealth        | |  1.4
Spellcasting   | |  1.7

Action                     |  1- 3 |  4- 6 |  7- 9 | 10-12 || total
---------------------------+-------+-------+-------+-------++-------
  Melee: Unarmed           |    49 |       |       |       ||    49
         Short sword       |    45 |       |       |       ||    45
         Hand axe          |     4 |    50 |     6 |       ||    60
         War axe           |       |       |   343 |   473 ||   816
   Cast: Necrotise         |    74 |    96 |    68 |    86 ||   324
         Animate Dead      |       |       |     4 |    13 ||    17
  Evoke: Wand              |       |       |     6 |    21 ||    27
    Use: Potion            |       |     3 |       |     7 ||    10
         Scroll            |       |       |    10 |    10 ||    20
   Stab: Sleeping          |       |       |     2 |     3 ||     5
         Distracted        |       |       |     1 |     5 ||     6
         Invisible         |       |       |       |     3 ||     3
 Armour: Robe              |    55 |       |       |       ||    55
         Plate armour      |    47 |       |       |       ||    47
         Leather armour    |     9 |    75 |   398 |   616 ||  1098
         Skin              |       |    20 |       |       ||    20
  Dodge: Dodged            |    65 |    49 |   258 |   348 ||   720

Levels and vault maps discovered:
D:1:      dpeg_arrival_morbid_curiosity, layout_basic,
          dreamdust_ecumenical_altar_angels_and_demons
D:2:      layout_loops_cross, basic_altar, serial_shops,
          nicolae_shop_behind_doors, uniq_crazy_yiuf_cottage
D:3:      layout_basic
D:4:      layout_loops_ring, mainiacjoe_overflow_alcove_3,
          amcnicky_altar_gilded, minmay_temple_entry_junction
D:5:      layout_rooms, serial_shops, shop, minmay_misc_feat_more_columns
D:6:      layout_loops_ring
D:7:      layout_layer_cave, dancing_weapons_uskayaw, uniq_joseph,
          uniq_menkaure, uniq_maurice
D:8:      layout_loops_cross
D:9:      layout_rooms, enter_bailey_4, lemuel_flame_loot_1, uniq_maggie
D:10:     layout_gridville, hellmonk_lair_entry_icy,
          minmay_orc_entry_temple_small, minivault_19,
          hangedman_abyss_or_decor_stagger, uniq_urug
D:11:     layout_gridville, serial_shops, shop, uniq_snorg, uniq_josephine
D:12:     layout_cave_pools, enter_trove_5, kennysheep_dice
D:15:     grunt_enter_depths_giant_problem, layout_loops_ring, chequers_jeans
Temple:   compressed_dpeg_triangle_lava_temple

Notes
Turn   | Place    | Note
-------+----------+-------------------------------------------
     0 | D:1      | cforsyth the Mountain Dwarf Necromancer began the quest for
                  | the Orb.
     0 | D:1      | Reached XP level 1. HP: 14/14 MP: 3/3
   203 | D:1      | Reached skill level 1 in Fighting
   257 | D:1      | Reached XP level 2. HP: 23/23 MP: 2/4
   623 | D:1      | Reached skill level 2 in Fighting
   781 | D:1      | Reached skill level 5 in Necromancy
   781 | D:1      | Reached XP level 3. HP: 29/29 MP: 3/5
   826 | D:1      | Found a faded altar of an unknown god.
  1365 | D:2      | Found an iron altar of Okawaru.
  1538 | D:2      | Found a runed translucent door.
  1539 | D:2      | Noticed Crazy Yiuf
  1756 | D:2      | Identified the +7 leather armour of Faenaw {Str+3 Dex+7}
  1908 | D:2      | Found Vigoarph's Armour Shop.
  2410 | D:3      | Noticed a centaur
  2423 | D:3      | Reached XP level 4. HP: 25/37 MP: 6/6
  2440 | D:3      | Killed a centaur
  2441 | D:3      | Reached skill level 3 in Fighting
  2441 | D:3      | Reached skill level 1 in Axes
  2441 | D:3      | Reached skill level 1 in Armour
  2441 | D:3      | Reached XP level 5. HP: 45/45 MP: 7/7
  3327 | D:3      | Learned a level 4 spell: Animate Dead
  3387 | D:4      | Reached skill level 2 in Axes
  3387 | D:4      | Reached skill level 2 in Armour
  3444 | D:4      | Noticed an ogre
  3458 | D:4      | Killed an ogre
  3459 | D:4      | Reached XP level 6. HP: 23/52 MP: 0/8
  3517 | D:4      | Reached skill level 6 in Necromancy
  3616 | D:4      | Found a broken altar of Ashenzari.
  3691 | D:4      | Found a staircase to the Ecumenical Temple.
  3703 | D:4      | Reached skill level 3 in Axes
  3706 | Temple   | Entered the Ecumenical Temple
  3712 | Temple   | Became a worshipper of Kikubaaqudgha
  3793 | D:4      | Reached skill level 4 in Fighting
  3960 | D:4      | Reached skill level 3 in Armour
  4295 | D:4      | Found a sacrificial altar of Ru.
  4296 | D:4      | Found an iron altar of Okawaru.
  4297 | D:4      | Found a bloodstained altar of Trog.
  4307 | D:4      | Found a stormy altar of Qazlal.
  4575 | D:4      | Reached XP level 7. HP: 59/59 MP: 1/9
  4898 | D:5      | Entered Level 5 of the Dungeon
  5017 | D:5      | Reached skill level 4 in Axes
  5155 | D:5      | Found Ulasiopnagg's General Store.
  5167 | D:5      | Bought a scroll of identify for 24 gold pieces
  5587 | D:5      | Reached skill level 4 in Armour
  5593 | D:5      | Reached * piety under Kikubaaqudgha
  5593 | D:5      | Received a gift from Kikubaaqudgha
  5594 | D:5      | Reached skill level 5 in Fighting
  5903 | D:4      | Reached skill level 7 in Necromancy
  5999 | D:5      | Reached XP level 8. HP: 50/60 MP: 2/10
  6179 | D:5      | Reached skill level 5 in Axes
  6583 | D:5      | Reached skill level 5 in Armour
  6753 | D:6      | Reached skill level 6 in Fighting
  6795 | D:5      | Reached skill level 6 in Axes
  6939 | D:6      | Reached skill level 8 in Necromancy
  6955 | D:6      | Reached skill level 6 in Armour
  6955 | D:6      | Reached XP level 9. HP: 17/78 MP: 6/11
  7260 | D:6      | Reached skill level 7 in Fighting
  7342 | D:6      | Reached skill level 7 in Axes
  8086 | D:7      | Noticed Menkaure
  8102 | D:7      | Killed Menkaure
  8350 | D:7      | Reached ** piety under Kikubaaqudgha
  8355 | D:7      | Noticed Maurice
  8454 | D:7      | Something stole 2 throwing nets {=f}
  8455 | D:7      | Something stole a ring of willpower
  8457 | D:7      | Something stole a +0 war axe
  8470 | D:7      | Something stole 211 gold
  8471 | D:7      | Something stole 280 gold
  8582 | D:7      | Killed Maurice
  8583 | D:7      | Reached skill level 7 in Armour
  8583 | D:7      | Reached skill level 9 in Necromancy
  8902 | D:7      | Reached skill level 8 in Axes
  8999 | D:7      | Noticed a +0 dagger
  8999 | D:7      | Noticed a +0 dagger
  9000 | D:7      | Found a hide-covered altar of Uskayaw.
  9149 | D:7      | Reached skill level 8 in Fighting
  9260 | D:7      | Noticed Joseph
  9284 | D:7      | Killed Joseph
  9285 | D:7      | Reached XP level 10. HP: 34/88 MP: 12/12
 10707 | D:8      | Reached skill level 8 in Armour
 11316 | D:9      | Reached skill level 9 in Axes
 11324 | D:9      | Reached skill level 10 in Necromancy
 11348 | D:9      | Paralysed by a hornet for 2 turns
 11400 | D:9      | Reached skill level 9 in Fighting
 11495 | D:9      | Found a flagged portal.
 11502 | D:9      | Reached *** piety under Kikubaaqudgha
 11502 | D:9      | Received a gift from Kikubaaqudgha
 11654 | Bailey   | Entered a bailey
 11744 | Bailey   | Noticed an orc knight
 11758 | Bailey   | HP: 8/91 [orc/+0 halberd (7)]
 12097 | Bailey   | Killed an orc knight
 12227 | Bailey   | Reached skill level 9 in Armour
 13550 | D:9      | Reached XP level 11. HP: 63/97 MP: 9/13
 13724 | D:9      | Noticed Maggie
 13738 | D:9      | Killed Maggie
 13924 | D:9      | Noticed a two-headed ogre
 13932 | D:9      | Killed a two-headed ogre
 13933 | D:9      | Reached skill level 10 in Axes
 14082 | D:9      | Noticed a two-headed ogre
 14089 | D:9      | Killed a two-headed ogre
 14487 | D:10     | Entered Level 10 of the Dungeon
 14488 | D:10     | Found a staircase to the Orcish Mines.
 14592 | D:10     | HP: 2/99 [yak (11)]
 14856 | D:10     | Noticed Urug
 14873 | D:10     | Killed Urug
 14874 | D:10     | Reached skill level 10 in Fighting
 15108 | D:10     | Reached skill level 11 in Necromancy
 15483 | D:10     | Reached **** piety under Kikubaaqudgha
 15703 | D:10     | Found a staircase to the Lair.
 15941 | D:10     | Found a roughly hewn altar of Beogh.
 16251 | D:11     | Reached skill level 10 in Armour
 16591 | D:11     | Noticed a boulder beetle
 16605 | D:11     | Killed a boulder beetle
 16615 | D:11     | Reached skill level 11 in Axes
 16642 | D:11     | Noticed a two-headed ogre
 16649 | D:11     | Killed a two-headed ogre
 16688 | D:11     | Noticed Josephine
 16724 | D:11     | Killed Josephine
 16873 | D:11     | Found Puph's Jewellery Boutique.
 17372 | D:11     | Noticed Snorg
 17381 | D:11     | HP: 10/101 [Snorg (18)]
 17735 | D:11     | Snorg changed into Snorg the salamander
 17735 | D:11     | Noticed Snorg
 17753 | D:11     | Killed Snorg the salamander
 17754 | D:11     | Reached XP level 12. HP: 30/108 MP: 10/14
 18062 | D:12     | Noticed a two-headed ogre
 18085 | D:12     | Killed a two-headed ogre
 18086 | D:12     | Reached skill level 11 in Fighting
 18238 | D:12     | You fall into a shaft and drop 3 floors!
 18238 | D:15     | Entered Level 15 of the Dungeon
 18244 | D:15     | Noticed a centaur warrior
 18270 | D:15     | Killed a centaur warrior
 18271 | D:15     | Reached skill level 12 in Necromancy
 18285 | D:15     | Noticed a centaur warrior
 18289 | D:15     | Noticed a tengu warrior
 18307 | D:15     | HP: 1/110 [tengu warrior/+0 war axe (14)]
 18307 | D:15     | Slain by a tengu warrior

Vanquished Creatures
  Josephine (D:11)
  A centaur warrior (D:15)
  4 two-headed ogres
  Urug (D:10)
  A manticore (D:15)
  An orc knight (Bailey)
  A salamander (D:11)
  Maurice (D:7)
  Joseph (D:7)
  2 gargoyles
  Maggie (D:9)
  A rime drake (D:10)
  A troll (D:10)
  A polar bear (D:10)
  A hornet (D:9)
  18 yaks
  A vampire (D:11)
  6 wraiths
  A wyvern (D:8)
  A steam dragon (D:7)
  Menkaure (D:7)
  A water moccasin (D:7)
  6 orc warriors
  2 black bears (D:6)
  2 ice beasts (D:10)
  An ogre (D:4)
  A sky beast (D:6)
  A wolf (D:10)
  8 centaurs
  A kobold brigand (D:7)
  2 phantoms
  3 bullfrogs
  A gnoll sergeant (D:8)
  8 wights
  11 killer bees
  3 howler monkeys
  A bombardier beetle (D:5)
  2 jellies (D:4)
  5 orc priests
  5 hounds
  6 iguanas
  7 orc wizards
  10 gnolls
  9 adders
  A shadow imp (D:8)
  3 white imps
  3 ufetubi
  3 ribbon worms
  40 orcs
  6 endoplasms
  5 giant cockroaches
  9 goblins
  10 hobgoblins
  6 jackals
  12 kobolds
  A quokka (D:1)
  7 ball pythons
  2 bats
  3 frilled lizards
  2 rats
256 creatures vanquished.

Vanquished Creatures (collateral kills)
  A boulder beetle (D:11)
  5 yaks
  An ice beast (D:10)
  2 centaurs
  A howler monkey (D:11)
  A gnoll bouda (D:9)
  A hound (D:6)
  A jelly (D:5)
  An iguana (D:6)
  2 orc wizards (D:9)
  3 gnolls
  An adder (D:5)
  An ufetubus (D:5)
  An orc (D:9)
  A goblin (D:9)
  2 hobgoblins
  A jackal (D:1)
  A quokka (D:1)
  A kobold (D:1)
28 creatures vanquished.

Vanquished Creatures (others)
  A manticore zombie (D:15)
  A rime drake zombie (D:10)
  A centaur (D:11)
  7 yak zombies
  A wolf zombie (D:10)
  5 centaur zombies
  An ice beast zombie (D:10)
  A hound zombie (D:7)
  2 howler monkey zombies (D:11)
  11 orc zombies
31 creatures vanquished.

Grand Total: 315 creatures vanquished

Table legend: (Time is in decaauts)
 A = Elapsed time spent in this place.
 B = Non-inter-level travel time spent in this place.
 C = Inter-level travel time spent in this place.
 D = Time resting spent in this place.
 E = Time spent auto-exploring this place.
 F = Levels seen in this place.
 G = Mean time per level.
                   A        B        C        D        E       F      G
               +--------+--------+--------+--------+--------+-----+--------+
         Total |  18428 |  18037 |    391 |   3916 |  10464 |  15 | 1228.5 |
       Dungeon |  17432 |  17052 |    380 |   3309 |  10447 |  13 | 1340.9 |
        Temple |    138 |    127 |     11 |    123 |      0 |   1 |  138.0 |
        Bailey |    858 |    858 |      0 |    484 |     17 |   1 |  858.0 |
               +--------+--------+--------+--------+--------+-----+--------+

Top non-repeatable levels by time:
     D:9: 2346 daAuts
     D:7: 2212 daAuts
    D:10: 1977 daAuts
     D:4: 1741 daAuts
     D:5: 1623 daAuts
    D:11: 1598 daAuts
     D:2: 1246 daAuts
     D:8: 1238 daAuts
     D:3: 1079 daAuts
     D:6: 1060 daAuts
     D:1: 1055 daAuts
  Bailey: 858 daAuts
    D:12: 187 daAuts
  Temple: 138 daAuts
    D:15: 65 daAuts

Table legend:
 A = Non-vault XP
 B = Vault XP
 C = Vault XP percentage of total XP
 D = Non-vault monster count
 E = Vault monster count
 F = Vault count percentage of total count
                 A         B        C        D         E       F
            +---------+---------+-------+---------+---------+-------
      Total |   16677 |    7495 |  31.0 |     227 |      58 |  20.4
            +---------+---------+-------+---------+---------+-------
        D:1 |      36 |       8 |  18.2 |      20 |       4 |  16.7
        D:2 |      49 |       0 |   0.0 |      20 |       0 |   0.0
        D:3 |     165 |       0 |   0.0 |      19 |       0 |   0.0
        D:4 |     649 |       0 |   0.0 |      29 |       0 |   0.0
        D:5 |    1198 |       0 |   0.0 |      21 |       0 |   0.0
        D:6 |    1694 |       0 |   0.0 |      20 |       0 |   0.0
        D:7 |     911 |    1142 |  55.6 |      17 |       3 |  15.0
        D:8 |    1819 |       0 |   0.0 |      20 |       0 |   0.0
        D:9 |    2891 |     426 |  12.8 |      27 |       6 |  18.2
       D:10 |    1930 |    2167 |  52.9 |      13 |      13 |  50.0
       D:11 |    3079 |    2424 |  44.0 |      18 |       7 |  28.0
       D:12 |     813 |       0 |   0.0 |       1 |       0 |   0.0
       D:15 |    1443 |       0 |   0.0 |       2 |       0 |   0.0
     Bailey |       0 |    1328 | 100.0 |       0 |      25 | 100.0
            +---------+---------+-------+---------+---------+-------
